 Dungeon Crawl Stone Soup version 0.26.1-11-gd32895ea62 (webtiles) character file.

Game seed: 15223264135244233638

80 H0rd4k the Insei (level 4, -6/28 HPs)
             Began as an Octopode Transmuter on May 7, 2021.
             Killed from afar by an orc wizard (11 damage)
             ... with a puff of flame
             ... on level 2 of the Dungeon.
             The game lasted 00:01:14 (1169 turns).

H0rd4k the Insei (Octopode Transmuter)              Turns: 1169, Time: 00:01:16

Health: -6/28      AC:  1    Str:  9    XL:     4   Next: 39%
Magic:  7/7        EV: 13    Int: 16    God:
Gold:   35         SH:  0    Dex: 12    Spells: 3/7 levels left

rFire    . . .     SeeInvis .     - Unarmed
rCold    . . .     Faith    .   (no shield)
rNeg     . . .     Spirit   .   (helmet restricted)
rPois    .         Reflect  .   (no amulet)
rElec    .         Harm     .   (no ring)
rCorr    .         Rampage  .   (no ring)
Will     .....                  (no ring)
Stlth    ++........             (no ring)
HPRegen  0.09/turn              (no ring)
MPRegen  0.10/turn              (no ring)
                                (no ring)
                                (no ring)

@: confused
A: almost no armour, stealthy swim, amphibious, 8 rings, constrict 8, camouflage
1, gelatinous body 1
a: no special abilities


You were on level 2 of the Dungeon.
You visited 1 branch of the dungeon, and saw 2 of its levels.

You collected 35 gold pieces.

Inventory:

Scrolls
 b - a scroll of identify {unknown}
 e - a scroll of teleportation {unknown}
 f - a scroll of remove curse {unknown}
 g - a scroll of random uselessness {unknown}
Potions
 a - 2 potions of might {unknown}
 c - a potion of berserk rage {unknown}
 d - a potion of flight {unknown}


   Skills:
 + Level 1.2 Fighting
 + Level 2.5 Dodging
 - Level 1.7 Stealth
 + Level 3.8 Unarmed Combat
 * Level 2.2 Spellcasting
 * Level 2.4 Transmutations
 * Level 0.9 Poison Magic


You had 3 spell levels left.
You knew the following spells:

 Your Spells              Type           Power        Failure   Level
a - Beastly Appendage     Tmut           18%          8%          1
b - Spider Form           Tmut/Pois      3%           30%         3

Your spell library contained the following spells:

 Spells                   Type           Power        Failure   Level
 Wereblood                Tmut           9%           12%         2
 Ice Form                 Ice/Tmut       5%           77%         4
 Blade Hands              Tmut           4%           91%         5


Dungeon Overview and Level Annotations

Branches:
Dungeon (2/15)

Altars:


Innate Abilities, Weirdness & Mutations

You cannot wear most types of armour.
You are very stealthy in the water. (Stealth+)
You are amphibious.
You can wear up to eight rings at the same time.
You can use your tentacles to constrict eight enemies at once.
Your skin changes colour to match your surroundings (Stealth+).
Your rubbery body absorbs attacks. (AC +1, EV +1)


Message History

You barely miss the hobgoblin. You grab the hobgoblin.
You squeeze the hobgoblin.
You kill the hobgoblin!
You feel sick.
Things that are here:
a +0 club; a rat corpse; an adder corpse You feel sick.
You feel sick.
You are no longer poisoned.
The orc wizard points at you and mumbles some strange words.
You are confused.
The orc wizard casts a spell at you.
You are more confused.
You tentacle-slap the orc wizard.
Your tentacle-slap misses the orc wizard.
You squeeze the orc wizard.
The orc wizard is moderately wounded.
The orc wizard points at you and mumbles some strange words.
The puff of flame hits you!
You die...

..###.....###[.##.###.#
#........o.)..........#
#...#.....#######.#####
.........## #<########
#...###.## #.)..รทรท..#
##. #.# ########.#
.########)#
..........#########
...............o@.#
.################.#
#.######## #.........
##########


You could see an orc wizard.

Vanquished Creatures
  An orc priest (D:1)
  An adder (D:2)
  A dart slug (D:1)
  2 leopard geckos (D:1)
  2 orcs (D:2)
  2 giant cockroaches (D:1)
  6 goblins
  5 hobgoblins
  2 bats (D:1)
  2 frilled lizards
  4 kobolds (D:1)
  10 rats
38 creatures vanquished.

Notes
Turn   | Place    | Note
-------+----------+-------------------------------------------
     0 | D:1      | H0rd4k the Octopode Transmuter began the quest for the Orb.
     0 | D:1      | Reached XP level 1. HP: 13/13 MP: 3/3
   178 | D:1      | Reached XP level 2. HP: 18/18 MP: 5/5
   381 | D:1      | Reached skill level 1 in Stealth
   425 | D:1      | Reached XP level 3. HP: 22/23 MP: 6/6
   816 | D:1      | Learned a level 3 spell: Spider Form
   930 | D:1      | Reached XP level 4. HP: 10/28 MP: 7/7
  1169 | D:2      | Killed from afar by an orc wizard

Illustrated notes

Levels and vault maps discovered:
D:1:      ncdulo_watergridlock, layout_loops_ring
D:2:      layout_loops_ring, chequers_ecumenical_altar_twisty

Skill      XL: |  1  2 |
---------------+-------+-----
Stealth        | 1 |  1.7
Fighting       | |  1.2
Dodging        | |  2.5
Unarmed Combat | |  3.8
Spellcasting   | |  2.2
Transmutations | |  2.4
Poison Magic   | |  0.9

Action                   |  1- 3 |  4- 6 || total
-------------------------+-------+-------++-------
Melee: Unarmed           |    68 |     9 ||    77
       Constrict         |    15 |     3 ||    18
       Tentacles         |    11 |     4 ||    15
       Punch             |     1 |       ||     1
 Stab: Sleeping          |    13 |       ||    13
Armor: Skin              |     8 |       ||     8
Dodge: Dodged            |    28 |     1 ||    29
